 Dungeon Crawl Stone Soup version 0.32-a0-940-g8c197d95f1 (webtiles) character file.

Game seed: 16816923163406514569

290 DrunkBamboolord the Shooter (level 6, -1/48 HPs)
             Began as a Formicid Hunter on Apr 16, 2024.
             Was a Follower of the Shining One.
             Slain by Terence
             ... wielding a +0 trident
              (8 damage)
             ... on level 3 of the Dungeon.
             The game lasted 00:08:37 (2003 turns).

DrunkBamboolord the Shooter (Formicid Hunter)       Turns: 2003, Time: 00:08:38

Health: -1/48      AC:  6    Str: 15    XL:     6   Next: 58%
Magic:  4/7        EV: 12    Int: 12    God:    the Shining One [*.....]
Gold:   49         SH:  7    Dex: 18    Spells: 5/5 levels left

rFire   + . .        a - +0 shortbow
rCold   + . .        (no shield)
rNeg    . . .        b - +2 robe {rC+ rF+}
rPois   .            (helmet unavailable)
rElec   .            (no cloak)
rCorr   .            (no gloves)
SInv    +            h - +1 pair of boots
Will    .....        (no amulet)
Stlth   +            (no ring)
HPRegen 0.28/turn    (no ring)
MPRegen 0.10/turn

%: no passive effects
@: brilliant, divinely shielded, glowing
A: permanent stasis, dig shafts and tunnels, antennae 3, four strong arms,
clever 1, evolution 1
a: Dig, Shaft Self, Renounce Religion, Divine Shield


You were on level 3 of the Dungeon.
You worshipped the Shining One.
The Shining One was aware of your devotion.
You visited 1 branch of the dungeon, and saw 3 of its levels.

You collected 139 gold pieces.
You spent 90 gold pieces at shops.

Inventory:

Hand Weapons
 a - a +0 shortbow (weapon)
Armour
 b - a +2 robe of resistance (worn)
 h - a +1 pair of boots (worn)
Scrolls
 c - a scroll of enchant armour
 d - a scroll of vulnerability
Potions
 k - 2 potions of haste


   Skills:
 + Level 3.8 Fighting
 + Level 4.9 Ranged Weapons
 + Level 3.1 Dodging
 + Level 3.8 Stealth
 + Level 2.1 Invocations


You had 5 spell levels left.
You didn't know any spells.
Your spell library contained the following spells:

 Spells                   Type           Power      Damage    Failure   Level
 Mercury Vapours          Alch/Air       0%         N/A       45%         2
 Mephitic Cloud           Conj/Alch/Air  0%         N/A       69%         3
 Freezing Cloud           Conj/Ice/Air   0%         6-21      100%        5


Dungeon Overview and Level Annotations

Branches:
Dungeon (3/15)

Altars:
The Shining One

Shops:
D:1 ?   D:2 =([(!

Annotations:
D:3 Terence


Innate Abilities, Weirdness & Mutations

You cannot be hasted, slowed, berserked, paralysed or teleported.
You can dig through walls and to a lower floor.
You have a pair of large antennae on your head. (SInv)
Your four strong arms can wield two-handed weapons with a shield.
Your mind is acute. (Int +4, Str/Dex -1)
You have hidden genetic potential.


Message History

You shoot an arrow.
The arrow hits Terence but does no damage.
Terence closely misses you.
You shoot an arrow. The arrow hits Terence.
Terence is lightly wounded.
Terence hits you from afar with a +0 trident!
You shoot an arrow. The arrow hits Terence.
Terence is moderately wounded.
Terence hits you from afar with a +0 trident.
You shoot an arrow. The arrow hits Terence.
Terence is heavily wounded.
Terence hits you from afar with a +0 trident.
You shoot an arrow. The arrow hits the quokka.
The quokka is severely wounded.
Terence hits you from afar with a +0 trident.
The quokka closely misses you. Terence misses you.
You are too injured to fight recklessly!
The quokka attacks as it pursues you! The quokka bites you.
Terence attacks as he pursues you!
Terence hits you from afar with a +0 trident.
You shoot an arrow. The arrow hits the quokka.
You kill the quokka!
Terence barely misses you. Terence hits you with a +0 trident!
* * * LOW HITPOINT WARNING * * *
Terence says, "Rest in peace."
Terence misses you.
It was a potion of mutation.
You feel extremely strange.
You feel clever.
You feel a hidden potential growing inside you.
Terence hits you from afar with a +0 trident!
* * * LOW HITPOINT WARNING * * *
It was a potion of brilliance.
You feel clever all of a sudden. Terence looks scornfully at you.
Terence misses you. A divine shield forms around you!
Terence hits you from afar with a +0 trident!
You die...
Terence says, "That felt goooood."

#######################
#...........#..........
#........(.............
................).....
...............†#####.
#...........# #. .
#@..........# #. ...
#...........# #.
.....###@.......##.......
.................#.......
........#........#.......
###.....#........##......
#.....#........# ......
#.....#........ #....
.......#........ #....


You could see Terence.

Vanquished Creatures
  Sigmund (D:3)
  Jessica (D:3)
  5 adders
  2 dart slugs
  3 ball pythons
  2 endoplasms
  A giant cockroach (D:2)
  10 goblins
  7 hobgoblins
  5 jackals
  9 kobolds
  2 quokkas (D:3)
  5 bats
  A frilled lizard (D:2)
  6 rats
60 creatures vanquished.

Notes
Turn   | Place    | Note
-------+----------+-------------------------------------------
     0 | D:1      | DrunkBamboolord the Formicid Hunter began the quest for the
                  | Orb.
     0 | D:1      | Reached XP level 1. HP: 16/16 MP: 1/1
   214 | D:1      | Reached XP level 2. HP: 23/23 MP: 2/2
   494 | D:1      | Found The Oracle's Delphic Readings.
   586 | D:1      | Reached XP level 3. HP: 19/25 MP: 3/3
   930 | D:2      | Found Tacsa's Weapon Shoppe.
  1076 | D:2      | Reached XP level 4. HP: 27/34 MP: 4/4
  1111 | D:2      | Found Uxzeni Vuam's Weapon Shop.
  1113 | D:2      | Found Mebof's Antique Armour Shoppe.
  1131 | D:2      | Bought a pair of boots for 90 gold pieces
  1203 | D:2      | Found Kuvooniu's Distillery.
  1363 | D:2      | Found Todwoju's Jewellery Emporium.
  1455 | D:2      | Found a faded altar of an unknown god.
  1577 | D:2      | Prayed at the altar of an unknown god.
  1577 | D:2      | Became a worshipper of the Shining One
  1577 | D:2      | Reached * piety under the Shining One
  1666 | D:3      | Noticed Jessica
  1677 | D:3      | Killed Jessica
  1678 | D:3      | Reached XP level 5. HP: 41/41 MP: 5/5
  1694 | D:3      | Reached skill level 1 in Invocations
  1758 | D:3      | Noticed Sigmund
  1811 | D:3      | Killed Sigmund
  1812 | D:3      | Reached XP level 6. HP: 16/48 MP: 4/7
  1986 | D:3      | Noticed Terence
  2001 | D:3      | Gained mutation: Your mind is acute. (Int +4, Str/Dex -1)
                  | [potion of mutation]
  2001 | D:3      | Gained mutation: You have hidden genetic potential. [potion
                  | of mutation]
  2003 | D:3      | Slain by Terence

Illustrated notes

Levels and vault maps discovered:
D:1:      dpeg_arrival_round_a, layout_loops_ring, nicolae_nh_oracle_at_delphi
D:2:      layout_loops_ring, dreamdust_ecumenical_altar_hidden_monk_grotto,
          serial_shops, nicolae_shop_hallway_plus, shop, shop, shop, shop,
          minmay_octomino_e4
D:3:      layout_basic, portal_sewer_entry_e, minmay_misc_feat_plants,
          uniq_sigmund, uniq_terence, uniq_jessica

Skill      XL: |  1  2  3  4  5 |
---------------+----------------+-----
Dodging        | 2 3 |  3.1
Stealth        | 2 3 |  3.8
Fighting       | 3 |  3.8
Invocations    | 2 |  2.1
Ranged Weapons | |  4.9

Action                     |  1- 3 |  4- 6 || total
---------------------------+-------+-------++-------
   Fire: Shortbow          |   109 |    88 ||   197
 Invoke: Divine Shield     |       |     1 ||     1
Ability: Dig               |     2 |       ||     2
    Use: Scroll            |       |     8 ||     8
         Potion            |       |     2 ||     2
 Armour: Leather armour    |    26 |    36 ||    62
         Robe              |       |    11 ||    11
  Dodge: Dodged            |    39 |    39 ||    78

Table legend: (Time is in decaauts)
 A = Elapsed time spent in this place.
 B = Non-inter-level travel time spent in this place.
 C = Inter-level travel time spent in this place.
 D = Time resting spent in this place.
 E = Time spent auto-exploring this place.
 F = Levels seen in this place.
 G = Mean time per level.
                   A        B        C        D        E       F      G
               +--------+--------+--------+--------+--------+-----+--------+
         Total |   2045 |   1888 |    157 |     11 |   1034 |   3 |  681.7 |
       Dungeon |   2045 |   1888 |    157 |     11 |   1034 |   3 |  681.7 |
               +--------+--------+--------+--------+--------+-----+--------+

Top non-repeatable levels by time:
     D:2: 831 daAuts
     D:1: 817 daAuts
     D:3: 396 daAuts
